 Dungeon Crawl Stone Soup version 0.28.0-43-g3370ac3207 (webtiles) character file.

Game seed: 12234904288353461479

10014 deadeyedave the Destroyer (level 11, -11/97 HPs)
             Began as a Red Draconian Conjurer on Feb 25, 2022.
             Was a Believer of Vehumet.
             Mangled by a boulder beetle (48 damage)
             ... on level 11 of the Dungeon on Mar 1, 2022.
             The game lasted 00:47:28 (15574 turns).

deadeyedave the Destroyer (Red Draconian Conjurer) Turns: 15574, Time: 00:47:28

Health: -11/97     AC: 10    Str: 10    XL:     11   Next: 30%
Magic:  17/23      EV: 14    Int: 22    God:    Vehumet [**....]
Gold:   491        SH:  0    Dex: 10    Spells: 13/26 levels left

rFire   + + .      SeeInvis .   u - +5 mace
rCold   . . .      Faith    .   (no shield)
rNeg    . . .      Spirit   .   (armour unavailable)
rPois   .          Reflect  .   (helmet restricted)
rElec   .          Harm     .   (no cloak)
rCorr   .          Rampage  .   (no gloves)
Will    +....                   C - +2 pair of boots {Fly}
Stlth   ++........              (no amulet)
HPRegen 0.26/turn               k - ring of willpower
MPRegen 0.18/turn               d - ring of protection from fire

@: flying, studying Bows
A: breathe fire, AC +7, unfitting armour, fire resistance 1, cold-blooded
a: Breathe Fire, Renounce Religion


You were on level 11 of the Dungeon.
You worshipped Vehumet.
Vehumet was pleased with you.
You visited 1 branch of the dungeon, and saw 11 of its levels.

You collected 671 gold pieces.
You spent 180 gold pieces at shops.

Inventory:

Hand Weapons
 b - a +0 short sword
 h - a +0 rapier
 j - a +1 dagger of draining
 p - a +2 dagger of draining
 u - a +5 mace (weapon)
Missiles
 g - a throwing net
 i - 13 poisoned darts
 m - 4 datura-tipped darts
 s - 4 atropa-tipped darts (quivered)
 M - 6 curare-tipped darts
Armour
 C - a +2 pair of boots of flying (worn)
Magical Staves
 x - a staff of poison
 H - a staff of cold
Jewellery
 d - a ring of protection from fire (right hand)
 k - a ring of willpower (left hand)
 L - a ring of wizardry
 P - a ring of poison resistance
Wands
 t - a wand of flame (46)
 v - a wand of iceblast (10)
 I - a wand of acid (3)
Scrolls
 e - a scroll of holy word {unknown}
 n - 4 scrolls of identify
 y - a scroll of magic mapping {unknown}
 z - 3 scrolls of enchant weapon
 A - a scroll of summoning {unknown}
 B - 2 scrolls of noise {unknown}
 E - 2 scrolls of brand weapon {unknown}
 F - a scroll of fear {unknown}
 G - a scroll of teleportation {unknown}
 J - a scroll of fog {unknown}
 K - a scroll of amnesia
Potions
 a - 7 potions of curing
 c - 2 potions of might {unknown}
 f - 2 potions of lignification
 l - a potion of haste {unknown}
 o - a potion of invisibility {unknown}
 q - 2 potions of heal wounds {unknown}
 r - a potion of degeneration {unknown}
 w - 2 potions of cancellation {unknown}
 D - a potion of ambrosia {unknown}
 N - a potion of brilliance {unknown}
 O - a potion of mutation {unknown}


   Skills:
 + Level 9.1 Fighting
 + Level 8.0 Dodging
 - Level 2.0 Stealth
 + Level 8.0 Spellcasting
 + Level 9.4 Conjurations
 + Level 2.2 Hexes
 - Level 5.0 Translocations


You had 13 spell levels left.
You knew the following spells:

 Your Spells              Type           Power      Damage    Failure   Level
a - Magic Dart            Conj           100%       1d8       1%          1
b - Searing Ray           Conj           100%       2d8       1%          2
c - Apportation           Tloc           60%        N/A       1%          1
d - Fulminant Prism       Conj/Hex       17%        3d11      7%          4
e - Iskenderun's Mystic   Conj/Tloc      40%        2d9       3%          4
f - Shock                 Conj/Air       100%       1d9       1%          1

Your spell library contained the following spells:

 Spells                   Type           Power      Damage    Failure   Level
 Stone Arrow              Conj/Erth      58%        3d10      3%          3
 Dazzling Flash           Conj/Hex       68%        N/A       1%          3
 Animate Skeleton         Necr           16%        N/A       8%          1
 Summon Small Mammal      Summ           32%        N/A       8%          1
 Corpse Rot               Necr/Air       16%        N/A       11%         2
 Dispel Undead            Necr           8%         3d8       58%         4
 Alistair's Intoxication  Tmut/Pois      5%         N/A       90%         5
 Death Channel            Necr           4%         N/A       100%        6


Dungeon Overview and Level Annotations

Branches:
Dungeon (11/15)            Temple (0/1) D:7            Lair (0/6) D:11
    Orc (0/2) D:10

Altars:
Makhleb
Sif Muna
Vehumet
Xom

Shops:
D:3 (   D:5 !   D:6 [

Annotations:
D:8 3 runed translucent doors, ProzacElf's ghost, novice DsFi
D:9 Harold
D:10 2 transporters, exclusion: 2 two-headed ogres, yahweh's ghost, journeyman MiBe


Innate Abilities, Weirdness & Mutations

You can breathe blasts of fire.
Your fiery red scales are hard. (AC +7)
You cannot fit into any form of body armour.
Your flesh is heat resistant. (rF+)
You are cold-blooded and may be slowed by cold attacks.


Message History

Confirm with . or Enter, or press ? or * to list all spells.
Aiming: Shock (safe; 1% risk of failure)
Press: ? - help, Shift-Dir - straight line, f/p - centaur
Aim: a centaur, wielding a +0 shortbow and quivering arrows (84% to hit)
The zap hits the centaur.
The centaur is lightly wounded.
The centaur shoots an arrow.
The arrow hits you.
Casting: Shock (safe; 1% risk of failure)
Confirm with . or Enter, or press ? or * to list all spells.
Aiming: Searing Ray (safe; 1% risk of failure)
Press: ? - help, Shift-Dir - straight line, f/p - centaur
Aim: a centaur, wielding a +0 shortbow and quivering arrows (lightly wounded, 90% to hit)
The searing ray hits the centaur.
The centaur is lightly wounded. (Press . to maintain the ray.)
The centaur shoots an arrow.
The arrow hits you.
The searing ray hits the centaur!
The centaur is heavily wounded.
The centaur shoots an arrow.
The arrow hits you.
The searing ray hits the centaur!
The centaur is almost dead.
The centaur shoots an arrow.
The arrow completely misses you.
The centaur shoots an arrow.
The arrow hits you.
The searing ray hits the centaur!
You kill the centaur!
Vehumet accepts your kill.
You feel your power returning.
You finish channelling your searing ray.
Unknown command.
You start resting.
A boulder beetle comes into view.
A boulder beetle is nearby!
A boulder beetle is nearby!
The boulder beetle curls into a ball and begins rolling!
The boulder beetle hits you!!!
The boulder beetle stops rolling and uncurls.
Okay, then.
The boulder beetle curls into a ball and begins rolling!
The boulder beetle hits you!!!
You die...

........###≈≈≈≈≈≈#.##.##..##≈≈≈≈≈
........#≈≈≈≈≈≈≈≈≈.#...≈≈≈≈≈≈≈≈≈≈
########≈≈≈≈≈≈≈≈≈≈≈≈≈≈≈≈≈≈≈≈≈≈≈≈≈
≈≈≈#≈≈≈≈≈≈≈≈≈≈≈≈≈≈≈≈≈≈≈≈≈≈≈≈≈≈≈≈#
≈≈≈≈≈≈≈≈≈≈≈≈##≈#≈≈≈≈≈≈≈≈#≈≈≈≈≈≈##
≈≈≈≈≈≈≈≈≈≈≈≈...###≈≈≈≈≈≈≈≈≈≈≈≈###
≈≈≈≈≈≈.≈.≈.....# #≈≈≈≈≈≈≈≈≈≈.....
≈≈≈≈≈.≈≈.......####≈≈.≈.......###
≈≈#≈#...........@B○°.....###.#..†
########.......####.°....###.#.##
....... #.............. ......
#####..###.#... .... ##○.# #.#...
## #..°# #.#... #.##°○##..## #.#
..B.... #.. .......


You could see a boulder beetle (rolling).

Vanquished Creatures
  Joseph (D:7)
  A gargoyle (D:11)
  A kobold demonologist (D:11)
  2 trolls
  A hornet (D:8)
  2 water elementals (D:11)
  11 yaks
  Grum (D:9)
  2 steam dragons
  3 vampire mosquitoes (D:11)
  4 water moccasins
  A sky beast (D:8)
  4 ice beasts
  An orc warrior (D:7)
  A black bear (D:11)
  2 ogres
  3 wolves (D:9)
  13 centaurs
  2 phantoms (D:5)
  4 bullfrogs
  A wyvern zombie (D:7)
  A gnoll sergeant (D:11)
  5 scorpions
  8 killer bees
  7 electric eels
  3 howler monkeys
  6 centaur zombies
  3 hounds
  A bullfrog skeleton (D:7)
  2 gnoll shamans
  2 orc priests
  A centaur skeleton (D:6)
  Terence (D:2)
  3 iguanas
  2 orc wizards
  A killer bee zombie (D:5)
  2 howler monkey zombies
  14 gnolls
  5 adders
  A shadow imp (D:7)
  2 ufetubi
  A worm (D:2)
  A dart slug (D:5)
  14 orcs
  8 endoplasms
  2 giant cockroaches
  9 goblins
  11 hobgoblins
  6 jackals
  6 kobolds
  3 quokkas
  6 ball pythons
  7 bats
  5 frilled lizards
  2 rats
212 creatures vanquished.

Vanquished Creatures (others)
  5 fulminant prisms
  31 fungi (D:11)
  50 plants
86 creatures vanquished.

Grand Total: 298 creatures vanquished

Notes
Turn   | Place    | Note
-------+----------+-------------------------------------------
     0 | D:1      | deadeyedave the Draconian Conjurer began the quest for the
                  | Orb.
     0 | D:1      | Reached XP level 1. HP: 14/14 MP: 3/3
   348 | D:1      | Reached XP level 2. HP: 20/20 MP: 0/5
  1331 | D:2      | Reached XP level 3. HP: 27/27 MP: 4/6
  1371 | D:2      | Learned a level 2 spell: Searing Ray
  1387 | D:2      | Reached skill level 1 in Fighting
  2084 | D:2      | Found a faded altar of an unknown god.
  2508 | D:3      | Noticed Terence
  2590 | D:2      | Killed Terence
  2591 | D:2      | Reached XP level 4. HP: 23/36 MP: 3/8
  2807 | D:3      | Found Piroog's Antique Weapon Shoppe.
  3745 | D:4      | Reached XP level 5. HP: 19/41 MP: 0/9
  3928 | D:3      | HP: 2/41 [gnoll (7)]
  4994 | D:5      | Entered Level 5 of the Dungeon
  4995 | D:5      | Found Tuutes's Distillery.
  5345 | D:5      | Reached skill level 5 in Conjurations
  5345 | D:5      | Reached XP level 6. HP: 50/50 MP: 1/11
  5801 | D:5      | Found a transporter.
  5801 | D:5      | Noticed an ice beast
  5811 | D:5      | Killed an ice beast
  5812 | D:5      | Your scales start taking on a fiery red colour.
  5812 | D:5      | Reached XP level 7. HP: 44/58 MP: 4/12
  5812 | D:5      | Gained mutation: Your flesh is heat resistant. (rF+) [Red
                  | Draconian growth]
  6017 | D:5      | Found a transporter.
  6180 | D:5      | Learned a level 1 spell: Apportation
  6185 | D:5      | Learned a level 4 spell: Fulminant Prism
  6190 | D:5      | Learned a level 4 spell: Iskenderun's Mystic Blast
  6927 | D:5      | Reached skill level 1 in Translocations
  7156 | D:6      | Found a shimmering blue altar of Sif Muna.
  7161 | D:6      | Reached XP level 8. HP: 61/67 MP: 8/14
  7212 | D:6      | Found a shimmering altar of Xom.
  7215 | D:6      | Found a burning altar of Makhleb.
  7218 | D:6      | Found a radiant altar of Vehumet.
  7222 | D:6      | Became a worshipper of Vehumet
  7280 | D:6      | Found Kenicuud's Antique Armour Emporium.
  7288 | D:6      | Bought a pair of embroidered boots for 180 gold pieces
  7472 | D:6      | Reached skill level 5 in Fighting
  7856 | D:6      | Reached skill level 5 in Spellcasting
  8228 | D:7      | Reached skill level 5 in Dodging
  8450 | D:7      | Noticed Joseph
  8789 | D:7      | Killed Joseph
  8790 | D:7      | Reached XP level 9. HP: 26/75 MP: 4/17
  9392 | D:7      | Noticed a troll
  9416 | D:7      | Killed a troll
  9480 | D:7      | Found the +18 Lear's hauberk
  9532 | D:7      | Found a staircase to the Ecumenical Temple.
  9793 | D:8      | Upgraded the game from 0.28.0-1-gb440e238dd to
                  | 0.28.0-43-g3370ac3207
  9793 | D:8      | Found a runed translucent gate.
  9793 | D:8      | Found a runed translucent gate.
  9793 | D:8      | Found a runed translucent gate.
  9794 | D:8      | Noticed ProzacElf's ghost (novice DsFi)
  9795 | D:8      | Noticed a kobold demonologist
  9829 | D:8      | Reached * piety under Vehumet
  9829 | D:8      | Offered knowledge of Shock by Vehumet.
  9948 | D:8      | Learned a level 1 spell: Shock
 10147 | D:8      | Reached skill level 5 in Translocations
 10149 | D:8      | Reached XP level 10. HP: 81/86 MP: 3/19
 11376 | D:9      | Noticed Grum
 11391 | D:9      | Killed Grum
 11795 | D:9      | Noticed Harold
 12719 | D:10     | Entered Level 10 of the Dungeon
 12840 | D:10     | Noticed a two-headed ogre
 12938 | D:10     | Found a transporter.
 12945 | D:10     | Noticed yahweh's ghost (journeyman MiBe)
 13029 | D:10     | Noticed a manticore
 13083 | D:10     | Noticed a manticore
 13094 | D:10     | Found a transporter.
 13361 | D:10     | Noticed a two-headed ogre
 13397 | D:10     | Found a staircase to the Orcish Mines.
 13417 | D:10     | Reached ** piety under Vehumet
 13417 | D:10     | Offered knowledge of Scorch by Vehumet.
 13983 | D:11     | Reached XP level 11. HP: 89/95 MP: 9/22
 14007 | D:11     | Reached skill level 1 in Hexes
 14232 | D:11     | Found a staircase to the Lair.
 15510 | D:11     | Offered knowledge of Stone Arrow by Vehumet.
 15565 | D:11     | Noticed a boulder beetle
 15574 | D:11     | Mangled by a boulder beetle

Illustrated notes

Levels and vault maps discovered:
D:1:      dpeg_arrival_snail, layout_loops_ring
D:2:      layout_loops_cross, ebering_ecumenical_altar_rust, roderic_lattice_a,
          feat_on_display
D:3:      layout_basic, serial_shops, nicolae_shop_advertising_works
          [nicolae_subvault_shop_adworks], uniq_terence
D:4:      layout_basic, eino_small_chamber_without_monster
D:5:      gammafunk_steamed_eel, layout_loops_ring, serial_shops, shop,
          serial_park_tiny_2, minivault_24
D:6:      layout_rooms, grunt_temple_overflow_cloverleaf, serial_shops,
          nicolae_shop_crystal, serial_glass, glass_columns_c, glass_columns_a
D:7:      layout_basic, minmay_temple_entry_proselytizer,
          hellmonk_guarded_unrand_lears, uniq_joseph
D:8:      layout_loops_cross, gammafunk_ghost_nasty_kobolds
D:9:      layout_irregular_city, uniq_grum, uniq_harold
D:10:     layout_basic, orc_0_dummy, nzn_ghost_randoct, lemuel_old_faithful
D:11:     layout_basic, due_lair_maze_entry_diamond, st_stairs_5

Skill      XL: |  1  2  3  4  5  6  7  8  9 10 11 |
---------------+----------------------------------+-----
Dodging        | 2 3 4 5 6 7 8 |  8.0
Stealth        | 2 |  2.0
Fighting       | 1 2 3 4 5 7 8 9 |  9.1
Spellcasting   | 3 4 5 6 7 8 |  8.0
Conjurations   | 5 6 7 9 |  9.4
Translocations | 1 3 5 |  5.0
Hexes          | 2 |  2.2

Action                   |  1- 3 |  4- 6 |  7- 9 | 10-12 || total
-------------------------+-------+-------+-------+-------++-------
Melee: Short sword       |    22 |       |       |       ||    22
       Tailslap          |     1 |       |       |     5 ||     6
       Dagger            |     1 |       |       |       ||     1
       Mace              |       |     1 |     4 |    20 ||    25
       Punch             |       |     1 |       |       ||     1
Throw: Dart              |       |       |     4 |       ||     4
 Cast: Magic Dart        |    94 |    58 |    80 |    88 ||   320
       Searing Ray       |     1 |    18 |    31 |    36 ||    86
       Iskenderun's Myst |       |       |     1 |    11 ||    12
       Fulminant Prism   |       |       |     1 |     4 ||     5
       Shock             |       |       |       |    75 ||    75
 Abil: Breathe Fire      |       |       |    18 |    15 ||    33
  Use: Scroll            |       |     7 |       |       ||     7
Armor: Skin              |    19 |    14 |    27 |    84 ||   144
Dodge: Dodged            |    50 |    29 |    57 |   145 ||   281
